 Dungeon Crawl Stone Soup version 0.27.1 (webtiles) character file.

Game seed: 16436331597552897359

37 speeev33 the Skirmisher (level 3, 33/33 HPs)
             Began as a Hill Orc Fighter on Aug 28, 2021.
             Was a Follower of Yredelemnul.
             Quit the game on level 2 of the Dungeon.
             The game lasted 00:01:27 (1739 turns).

speeev33 the Skirmisher (Hill Orc Fighter)          Turns: 1739, Time: 00:01:28

Health: 33/33      AC:  6    Str: 19    XL:     3   Next: 39%
Magic:  3/3        EV:  7    Int:  8    God:    Yredelemnul [*.....]
Gold:   23         SH:  9    Dex: 10    Spells: 2/2 levels left

rFire    . . .     SeeInvis .   a - +0 war axe
rCold    . . .     Faith    .   c - +0 kite shield
rNeg     . . .     Spirit   .   b - +0 scale mail
rPois    .         Reflect  .   (no helmet)
rElec    .         Harm     .   (no cloak)
rCorr    .         Rampage  .   (no gloves)
Will     .....                  (no boots)
Stlth    ..........             (no amulet)
HPRegen  0.11/turn              (no ring)
MPRegen  0.08/turn              (no ring)

@: no status effects
A: no striking features
a: Renounce Religion, Animate Remains


You were on level 2 of the Dungeon.
You worshipped Yredelemnul.
Yredelemnul was aware of your devotion.
You visited 1 branch of the dungeon, and saw 2 of its levels.

You collected 23 gold pieces.

Inventory:

Hand Weapons
 a - a +0 war axe (weapon)
Armour
 b - a +0 scale mail (worn)
 c - a +0 kite shield (worn)
Jewellery
 g - an amulet of reflection
Potions
 d - a potion of might
 e - 2 potions of berserk rage {unknown}
 f - a potion of brilliance {unknown}
 i - a potion of mutation {unknown}


   Skills:
 + Level 4.2 Fighting
 + Level 3.6 Axes
 - Level 3.2 Armour
 + Level 3.8 Shields


You had 2 spell levels left.
You didn't know any spells.
Your spell library was empty.

Dungeon Overview and Level Annotations

Branches:
Dungeon (2/15)

Altars:
Yredelemnul
Lugonu

Portals:
Abyss: D:1


Message History

Found a ring mail.
Found a scroll labelled BOISSIHI MADUD.
Found a stone staircase leading up.
Found a stone staircase leading down.
Found a stone staircase leading down.
j - a scroll labelled BOISSIHI MADUD
As you read the scroll labelled TODIEG XYFI, it crumbles to dust.
You hear a loud clanging noise!
It was a scroll of noise.
You hear a shout! x2
As you read the scroll labelled CELUKHI QU IFI, it crumbles to dust.
You assume a fearsome visage.
Nothing appears to happen.
It was a scroll of fear.
As you read the scroll labelled BOISSIHI MADUD, it crumbles to dust.
You feel strangely unstable.
It was a scroll of teleportation.
Your surroundings suddenly seem different.
A rat and a dart slug come into view.
The dart slug launches a dart at you.
The slug dart hits you but does no damage.
The dart slug launches a dart at you. The slug dart hits you.
The dart slug bites you.
Your scale mail prevents you from hitting the dart slug.
You hit the rat.
You kill the rat!
The dart slug barely misses you.
You slash the dart slug!
You kill the dart slug!
Found a smoky golden potion.
Found 13 stones.
e - 2 smoky golden potions (gained 1)
Found a faded altar of an unknown god.
Found a scale mail.
There is a faded altar of an unknown god here.
You cannot tell which god this altar belongs to.
Convert to them anyway?
Yredelemnul accepts your prayer! Yredelemnul welcomes you!
You can now animate remains.
Found a dented lapis lazuli amulet.
g - an amulet of reflection Are you sure you want to abandon this character and quit the game? (Confirm with "yes".)

..
########...
#..........
#..........
#@.........
#.........
#......#.
#..♣...#
#.♣.♣..#
#♣♣.♣....
♣..♣ #♣.#
.# ♣.♣♣ .
#.# ♣.♣ .♣
..# ####


There were no monsters in sight!

Vanquished Creatures
  A gnoll (D:1)
  A dart slug (D:2)
  3 ball pythons (D:1)
  2 bats (D:1)
  2 endoplasms (D:1)
  2 goblins (D:1)
  3 hobgoblins (D:1)
  2 kobolds (D:1)
  3 quokkas (D:1)
  4 rats
23 creatures vanquished.

Notes
Turn   | Place    | Note
-------+----------+-------------------------------------------
     0 | D:1      | speeev33 the Hill Orc Fighter began the quest for the Orb.
     0 | D:1      | Reached XP level 1. HP: 19/19 MP: 1/1
   105 | D:1      | Reached XP level 2. HP: 21/27 MP: 2/2
   537 | D:1      | Reached skill level 4 in Fighting
   942 | D:1      | Reached XP level 3. HP: 5/33 MP: 3/3
  1473 | D:1      | Found a one-way gate to the infinite horrors of the Abyss.
  1473 | D:1      | Found a corrupted altar of Lugonu.
  1473 | D:1      | Noticed a demonic crawler
  1473 | D:1      | Noticed a demonic crawler
  1473 | D:1      | Noticed a demonic crawler
  1713 | D:2      | Found a faded altar of an unknown god.
  1721 | D:2      | Became a worshipper of Yredelemnul the Dark
  1721 | D:2      | Reached * piety under Yredelemnul
  1739 | D:2      | Quit the game

Illustrated notes

Levels and vault maps discovered:
D:1:      erik_arrival_cave_to_civilisation [erik_arrival_cave_to_temple],
          layout_basic, minmay_liquid_box
D:2:      layout_loops_cross, shapermc_ecumenical_altar_totnotflames,
          minmay_tiny_reverse_x, uniq_sigmund, uniq_terence

Skill      XL: |  1  2 |
---------------+-------+-----
Axes           | 3 |  3.6
Fighting       | 4 |  4.2
Armour         | |  3.2
Shields        | |  3.8

Action                   || total
-------------------------++-------
Melee: War axe           ||    60
  Use: Scroll            ||     3
Armor: Scale mail        ||    19
Dodge: Dodged            ||    16
Block: Kite shield       ||    28
